[Event "Menorca Open-A 2022"]
[Site "Menorca"]
[Date "2022.04.21"]
[Round "3.2"]
[White "Sosa, Tomas"]
[Black "Santos Latasa, Jaime"]
[Result "0-1"]
[ECO "C54"]
[WhiteElo "2547"]
[BlackElo "2640"]
[Annotator "TA"]
[PlyCount "140"]
[EventDate "2022.04.20"]
[EventType "swiss"]
[EventCountry "ESP"]
[SourceTitle "playchess.com"]
[Source "ChessBase"]
[SourceQuality "1"]
[TimeControl "5400+30"]

1. e4 e5 2. Nf3 Nc6 3. Bc4 Bc5 4. d3 Nf6 5. O-O d6 6. c3 a5 7. Re1 O-O 8. Bb3 h6 9. Nbd2 Be6 10. Nf1 Bxb3 11. Qxb3 a4 12. Qd1 (12. Qxb7 $2 Qd7 13. Qb5 Rfb8 $19) 12... d5 13. exd5 Qxd5 14. Ne3 Qd7 15. Nc4 Rfe8 (15... e4 $5 16. dxe4 Qxd1 17. Rxd1 Nxe4 $15) 16. Be3 Bxe3 17. Rxe3 Qd5 18. Qe2 Ng4 $1 19. Re4 f5 20. Ne3 Qd7 21. Nxf5 Nf6 $1 ({Don't play} 21... Qxf5 22. Nh4 Qxf2+ 23. Qxf2 Nxf2 24. Kxf2 $11) 22. N3h4 Kh7 23. Qf3 Nxe4 (23... Re6 $15) 24. Qxe4 $11 Kh8 25. Re1 Rad8 26. Re3 Re6 $1 27. Rg3 g5 28. Nxh6 $1 Qh7 (28... gxh4 {is a self mate.} 29. Qxh4) (28... Rxh6 $5 29. Ng6+ Kg7 30. Rxg5 Qe8 31. Nf4+ Kh8 32. Ng6+ Kg7 33. Nf4+ Kh8 34. Ng6+ Kg7 $11) 29. N6f5 $1 gxh4 30. Rg4 $1 Rdd6 (30... h3 $2 31. Rh4 Qxh4 32. Qxh4+ Kg8 33. Qxh3 $18) 31. Rxh4 (31. h3 {is interesting.} Rg6 32. Nxd6 Rxg4 33. Qxg4 cxd6 34. Qc8+) 31... Rh6 $1 32. Nxh6 Rxh6 33. Qxh7+ Kxh7 34. Rxa4 Rd6 35. Rh4+ Kg7 36. Rh3 Ne7 37. Re3 Kf6 38. Kf1 Nd5 39. Re4 Rb6 40. Re2 Nf4 41. Rd2 Rd6 42. d4 Kf5 43. g3 Ne6 44. d5 Ng5 45. Ke2 e4 46. c4 (46. Rd4 $11 {remains equal.}) 46... Nf3 $17 47. Rd1 Ke5 48. h4 Rb6 $1 49. b3 Ra6 50. Ke3 ({Wrong is} 50. Ra1 $2 Nd4+ 51. Kf1 Nxb3 $1 ) 50... Nh2 $1 51. Ra1 Rf6 52. Ke2 Nf3 53. Rd1 (53. Kf1 $17) 53... Nd4+ $19 54. Ke1 Ra6 55. a4 Nxb3 56. d6 $2 (56. h5) 56... cxd6 $19 57. Rd5+ Ke6 58. Rb5 Na5 59. c5 d5 $1 60. h5 Ke5 61. h6 $2 {[%emt 0:00:37] [#]} (61. g4 Kf4 62. Ke2) 61... Nc4 $1 $19 62. h7 {[%emt 0:00:43] [#]} Rh6 $1 63. Rxb7 Rh1+ 64. Ke2 d4 65. f4+ Kd5 66. g4 Rh2+ 67. Kf1 Nd2+ 68. Ke1 Nf3+ 69. Kd1 e3 70. Re7 d3 0-1

[Event "Menorca Open-A 2022"]
[Site "Menorca"]
[Date "2022.04.21"]
[Round "3.3"]
[White "Nihal Sarin"]
[Black "Iermito, Sebastian"]
[Result "1/2-1/2"]
[ECO "A36"]
[WhiteElo "2656"]
[BlackElo "2525"]
[Annotator "TA"]
[PlyCount "50"]
[EventDate "2022.04.20"]
[EventType "swiss"]
[EventCountry "ESP"]
[SourceTitle "playchess.com"]
[Source "ChessBase"]
[SourceQuality "1"]
[TimeControl "5400+30"]

1. c4 c5 2. Nc3 Nc6 3. g3 g6 4. Bg2 Bg7 5. d3 e6 6. e4 Nge7 7. Nge2 d6 8. O-O O-O 9. Rb1 b6 10. Be3 Nd4 11. b4 Bb7 12. Qd2 Qd7 13. a3 f5 {[%emt 0:05:04] A36: Symmetrical English vs ...g6: 4 Bg2 Bg7.} 14. f4 Nec6 15. Bf2 Rae8 {[%emt 0:04:10] [#] Black has an edge.} 16. Rfe1 $146 ({Predecessor:} 16. bxc5 dxc5 17. e5 Nxe5 18. Nxd4 cxd4 19. fxe5 dxc3 20. Qxc3 Bxg2 21. Kxg2 f4 22. d4 {0-1 (32) Solak,D (2629)-Djukic,N (2523) Batumi 2018}) 16... Nxe2+ 17. Nxe2 Nd4 (17... e5 $5 ) 18. bxc5 {[%emt 0:08:09] The position is equal.} dxc5 (18... Nxe2+ {looks sharper.} 19. Qxe2 dxc5 20. e5 Bxg2 21. Kxg2 Rd8) 19. Nxd4 Bxd4 20. exf5 exf5 21. Bxb7 Bxf2+ 22. Kxf2 Qxb7 23. Rxe8 Rxe8 24. Re1 Rxe1 25. Qxe1 Qd7 {[%emt 0:00:17] Weighted Error Value: White=0.05 (flawless) /Black=0.05 (flawless)} 1/2-1/2

[Event "Menorca Open-A 2022"]
[Site "Menorca"]
[Date "2022.04.21"]
[Round "3.4"]
[White "Vasquez Schroeder, Rodrigo"]
[Black "Sargsyan, Shant"]
[Result "1/2-1/2"]
[ECO "C88"]
[WhiteElo "2493"]
[BlackElo "2639"]
[Annotator "TA"]
[PlyCount "74"]
[EventDate "2022.04.20"]
[EventType "swiss"]
[EventCountry "ESP"]
[SourceTitle "playchess.com"]
[Source "ChessBase"]
[SourceQuality "1"]
[TimeControl "5400+30"]

1. e4 e5 2. Nf3 Nc6 3. Bb5 a6 4. Ba4 Nf6 5. O-O Be7 6. Re1 b5 7. Bb3 O-O 8. a4 Bb7 9. d3 d6 10. c3 Na5 11. Bc2 c5 12. Nbd2 Qb6 {[%emt 0:01:51] C88: Closed Ruy Lopez: Anti-Marshall Systems.} 13. Nf1 b4 {[%emt 0:01:03] [#]} 14. Ne3 $146 ({Predecessor:} 14. cxb4 Qxb4 15. Bd2 Qb6 16. Ne3 Nd7 17. Nf5 Rfe8 18. Nxe7+ Rxe7 19. Rb1 Nc6 20. Bg5 Ree8 21. Bb3 Nf8 22. Bd2 Ne6 23. Bc4 {½-½ (23) Cherenkova,K (2226)-Kravchenja,A (2124) Serpukhov 2004}) 14... Bc8 {[%emt 0:23:17] The position is equal.} 15. Nd2 bxc3 16. bxc3 Be6 17. Ndc4 Qc7 18. Nxa5 Qxa5 19. Bd2 Rab8 20. d4 cxd4 21. cxd4 Qc7 22. d5 Bd7 23. Bd3 Qa7 24. Qe2 Qd4 25. Nc2 Qc5 26. Rec1 Rb2 27. h3 Rc8 (27... Qa7 $16 {was worth a try.} 28. Nb4 Bd8) 28. Bxa6 $2 Ra8 $16 (28... Rxc2 $2 29. Bxc8 Qxc8 30. Rxc2 Qxc2 31. a5 $18) 29. Ne3 ({White should try} 29. Na3 $16 Qd4 30. Nc4 $1) 29... Qa7 (29... Qd4 $11 {and Black stays safe.} 30. Nc4 Rc2 31. Rxc2 Qxa1+ 32. Rc1 Qxa4) 30. Bd3 $18 Nh5 {[%emt 0:00:26] Strongly threatening ...Nf4.} 31. g3 {[%emt 0:04:42] Against Nf4} ({Don't do} 31. Qxh5 $6 Rxd2 32. Bf1 f5 $11) (31. Qe1 $18) 31... g6 (31... Bg5 $16) 32. Kg2 Bg5 33. Rc2 Rb3 {[%emt 0:01:12] Hoping for ...Qd4.} 34. Bc4 Rbb8 {[%emt 0:00:47] [#]} 35. a5 (35. Rca2 $1 $18) 35... Qd4 $14 36. Rac1 {[%emt 0:10:02] aiming for Bd3.} Qxe4+ 37. Kh2 $1 Nf6 {[%emt 0:09:32] Weighted Error Value: White=0.27 (precise) /Black=0.33} 1/2-1/2

[Event "Menorca Open-A 2022"]
[Site "Menorca"]
[Date "2022.04.21"]
[Round "3.5"]
[White "Gukesh D"]
[Black "Batsiashvili, Nino"]
[Result "1-0"]
[ECO "D38"]
[WhiteElo "2614"]
[BlackElo "2491"]
[Annotator "TA"]
[PlyCount "89"]
[EventDate "2022.04.20"]
[EventType "swiss"]
[EventCountry "ESP"]
[SourceTitle "playchess.com"]
[Source "ChessBase"]
[SourceQuality "1"]
[TimeControl "5400+30"]

1. d4 Nf6 2. c4 e6 3. Nf3 d5 4. Nc3 Bb4 5. Qa4+ Nc6 6. a3 Bxc3+ 7. bxc3 O-O {[%emt 0:02:48] D38: Queen's Gambit Declined: Ragozin Defence (4 Nf3 Bb4).} 8. Bg5 Bd7 9. Qc2 h6 {[%emt 0:02:01] The position is equal.} 10. Bh4 g5 11. Bg3 {[%emt 0:01:08] [#]} Na5 $146 ({Predecessor:} 11... Nh7 12. e3 Ne7 13. Bd3 f5 14. Ne5 Nf6 15. h4 g4 16. h5 Qe8 17. Bh4 Qxh5 {1-0 (32) Petrov,N (2562)-Tarasenkov,V (1582) Novorossiysk 2021}) 12. h4 g4 (12... Nxc4 $2 13. hxg5 Ne4 14. Rxh6 $18) 13. Ne5 Nxc4 (13... Nh5 $14) 14. Nxc4 (14. Bf4 $1 $16) 14... dxc4 $14 15. Bf4 Re8 16. e4 {[%emt 0:13:50] Strongly threatening e5.} c5 17. dxc5 (17. Be5 $1 $16) 17... e5 18. Bxh6 Qa5 19. Bxc4 {[%emt 0:08:06] Qd2 is the strong threat.} Ba4 (19... Qxc5 $16 {was called for.} 20. Bd3 g3) 20. Qc1 (20. Qa2 $1 $18) 20... Nxe4 21. f3 ({White should play} 21. O-O $16 Qxc3 22. Qxc3 Nxc3 23. f3) 21... Qxc3+ (21... Rad8 $11 22. O-O (22. fxe4 $2 Rd1+ 23. Qxd1 Bxd1 $19) 22... Qxc5+ 23. Qe3 Qxc4 24. fxe4 Rd6) 22. Qxc3 $16 {[%emt 0:00:06] The board is on fire.} Nxc3 23. fxg4 {[%emt 0:00:50] Black must now prevent Rc1.} b5 24. cxb6 Rac8 25. Bf1 axb6 26. Rh3 Re6 27. Bd2 {[%emt 0:01:33] A strong pair of Bishops.} Ne4 28. Be3 (28. Bb4 $16) 28... Rc3 29. Bg1 Rd6 ({Black should try} 29... Rc2 $14) 30. Rxc3 Nxc3 31. Rc1 Nb5 {[%emt 0:00:58] This costs Black the game.} (31... Nd5 $16 32. g3 f6) 32. Rc4 $18 Rd1+ 33. Kf2 Rd4 34. Rxd4 exd4 {[%emt 0:01:58][%mdl 4096] Endgame KBB-KBN} (34... Nxd4 {keeps fighting.} 35. g5 Kg7) 35. Kg3 Nxa3 36. Bxd4 b5 37. h5 b4 $2 (37... Bc2 38. Kf4 Nc4) 38. Bc5 Nc2 39. Bc4 {[%emt 0:00:07] aiming for g5.} b3 {[%emt 0:01:14] [#]} 40. g5 $1 {[%emt 0:01:02][%cal Bg4g5,Bg5g6][%mdl 32] Threatens to win with g6.} b2 41. Ba2 (41. g6 $142 Be8 42. Ba2) 41... Bb3 (41... Bd7 $142 42. Kf4 Ne1) 42. Bb1 {[%emt 0:00:01] Intending h6 and mate.} Bd5 43. Bxc2 {[%emt 0:00:39] White mates.} Ba2 {[%emt 0:00:04] [#]} 44. h6 $1 f5 45. g6 {[%emt 0:00:13] Weighted Error Value: White=0.29 (precise) /Black=0.59} 1-0

[Event "Menorca Open-A 2022"]
[Site "Menorca"]
[Date "2022.04.21"]
[Round "3.6"]
[White "Grigorian, Spartak"]
[Black "Adhiban, B.."]
[Result "0-1"]
[ECO "E41"]
[WhiteElo "2477"]
[BlackElo "2648"]
[Annotator "TA"]
[PlyCount "64"]
[EventDate "2022.04.20"]
[EventType "swiss"]
[EventCountry "ESP"]
[SourceTitle "playchess.com"]
[Source "ChessBase"]
[SourceQuality "1"]
[TimeControl "5400+30"]

1. d4 {[%emt 0:00:08] Edouard,Romain} Nf6 2. c4 e6 3. Nc3 Bb4 4. e3 c5 5. Nf3 Nc6 6. Bd3 Bxc3+ 7. bxc3 d6 8. O-O e5 9. Nd2 O-O 10. Rb1 {[%emt 0:00:00] was the old line (10.d5).} b6 11. Qc2 {[%emt 0:00:00] [#] E41: Nimzo-Indian: Rubinstein: 4...c5 5 Bd3, including Hübner Variation.} Bb7 $146 ({Predecessor:} 11... exd4 12. exd4 h6 13. Ne4 Bb7 14. Rd1 cxd4 15. Ba3 Nxe4 16. Bxe4 Na5 17. Bxb7 Nxb7 18. cxd4 Qc7 {½-½ (55) Edouard,R (2652)-Short,N (2698) Istanbul 2012 CBM 151 [Edouard,Romain]}) 12. Ne4 Nxe4 13. Bxe4 {[%emt 0:00:00] Black has an edge.} Qh4 14. g3 Qh5 15. f4 exd4 (15... Na5 $15) 16. Qg2 $1 $11 Rac8 17. cxd4 cxd4 18. Rb5 {[%emt 0:00:00] Prevents Qc5.} f5 19. exd4 Kh8 20. Bb2 Qg6 {[%emt 0:01:38] [#]} (20... Qe8 $1 $11 21. Rxf5 Rxf5 22. Bxf5 Nxd4 23. Qxb7 Nxf5) 21. Bf3 ({Better is} 21. Rxf5 $1 $16 Rxf5 22. g4) 21... Qe8 22. g4 (22. Rb3 $11) 22... Qe3+ ({Black should try} 22... fxg4 $17 23. Be4 (23. Bxg4 Na5 $17) 23... h6) 23. Kh1 fxg4 24. Bxg4 {[%emt 0:00:00] A strong pair of Bishops.} Rce8 {[%emt 0:02:48][%cal Bc8e8,Be8e2,Be2b2][%mdl 32] Threatens to win with ...Na5.} 25. Bd7 $2 {[%emt 0:00:00][%mdl 8192] [#] This move loses the game for White.} ({Reject} 25. Bf3 Qxf4 26. Rb3 (26. d5 Nd4 $17) 26... Ne7 $15) (25. Rg1 $11 {and White has nothing to worry.} Ne5 26. Qxb7) 25... Qxf4 $1 $19 26. Rg1 Nxd4 27. Qxb7 Re2 {[%emt 0:00:11][%csl Gf4][%cal Re2h2] The board is on fire.} 28. Rh5 {[%emt 0:01:26][%cal Od7f5] White threatens Bf5! and mate.} Rxb2 29. Bc6 Qf6 30. Be4 h6 31. Rh3 Rf2 {[%emt 0:01:52] ...Ne2 is the strong threat.} 32. Rhg3 $2 (32. Bd3) 32... Ne2 {[%emt 0:00:42] Weighted Error Value: White=0.65/Black=0.16 (very precise)} 0-1

[Event "Menorca Open-A 2022"]
[Site "Menorca"]
[Date "2022.04.21"]
[Round "3.7"]
[White "Martirosyan, Haik M."]
[Black "De La Riva Aguado, Oscar"]
[Result "1-0"]
[ECO "A80"]
[WhiteElo "2633"]
[BlackElo "2443"]
[Annotator "TA"]
[PlyCount "79"]
[EventDate "2022.04.20"]
[EventType "swiss"]
[EventCountry "ESP"]
[SourceTitle "playchess.com"]
[Source "ChessBase"]
[SourceQuality "1"]
[TimeControl "5400+30"]

1. d4 f5 2. Bg5 g6 3. e3 Bg7 4. Nc3 d6 5. Bc4 Nf6 6. Nge2 {[%emt 0:02:46] A80: Dutch Defence: Unusual White second moves.} e6 {[%emt 0:22:59] [#]} 7. Nf4 $146 ({Predecessor:} 7. f3 h6 8. Bh4 d5 9. Bd3 O-O 10. O-O Nc6 11. Bf2 a6 12. Nf4 Qe8 13. Be2 {½-½ (20) Aranha Filho,A (2270)-Carneiro,V (2259) Mogi das Cruzes 2014}) 7... d5 8. Be2 {[%emt 0:01:16] 0x0.001c68f4b568dp-1022s more active pieces. White is better.} O-O 9. h4 $1 {[%emt 0:03:12] aiming for h5.} h6 10. Bxf6 (10. Nxg6 {seems wilder.} hxg5 11. hxg5 Ne4 12. Nxf8 Nxc3 13. bxc3 Kxf8 14. f4) 10... Rxf6 11. g4 fxg4 12. Bxg4 c5 13. dxc5 Nc6 14. Nd3 e5 (14... Rf7 $11) 15. Bxc8 Rxc8 16. e4 Nd4 17. Nxd5 (17. exd5 Rf3 18. Kf1 e4 $15) (17. Nxe5 dxe4 18. Ne2 Qa5+ 19. Kf1 Nf3 20. Qd5+ Kh7 21. Nxf3 exf3 $17) 17... Nf3+ 18. Kf1 Rf7 19. Rh3 Nxh4 20. Qg4 $36 {[%emt 0:00:33][%mdl 2048] White has strong initiative.} g5 {[%emt 0:00:07] [#]} 21. Rxh4 $1 gxh4 22. Nxe5 $1 {[%emt 0:00:10] Pair of Knights!} Rxc5 $2 (22... Rf8 $16) 23. Nxf7 $18 Kxf7 24. Rd1 {[%emt 0:03:14] Strongly threatening Nf4.} Qg5 25. Qd7+ Kg8 26. Ne7+ {[%emt 0:00:56] Dancing on a razor blade.} (26. Qxb7 h3 27. Qb3 Qg2+ 28. Ke2 Qxe4+ 29. Ne3+ Kh7 $11) (26. c3 $142) 26... Kh7 27. Qe6 ({Better is} 27. Rd5 $18 Rxd5 28. Nxd5) 27... Bxb2 $16 28. Nf5 (28. Qf7+ Qg7 29. Qxg7+ Kxg7 $14) 28... Rc7 {[%emt 0:00:15] Prevents Qf7+.} (28... h3 $142 29. Ng3 (29. Rd7+ Kh8 $14) 29... h2) 29. Rd7+ Rxd7 30. Qxd7+ Kh8 $2 (30... Kg6 $16) 31. Qc8+ $1 $18 (31. Qxb7 Qc1+ 32. Kg2 h3+ 33. Kh2 (33. Kxh3 Qf1+ 34. Kh4 Qxf2+ 35. Ng3 Be5 $14) 33... Be5+ 34. Ng3 Bxg3+ 35. Kxg3 Qg5+ 36. Kxh3 Qh5+ 37. Kg3 Qg6+ 38. Kf3 Qh5+ 39. Ke3 Qc5+ 40. Kd3 Qxf2 $16) 31... Qg8 32. Qxg8+ ({Less strong is} 32. Qxb7 Qc4+ 33. Kg2 h3+ 34. Kf3 (34. Kxh3 Qf1+ 35. Kh4 Qxf2+ 36. Ng3 Be5 $14) 34... Qxc2 $18) 32... Kxg8 33. Nxh4 {[%emt 0:02:22][%mdl 4096] Endgame KB-KN} Kf7 34. Ke2 Bc1 35. Ng2 h5 36. Kf3 Kf6 37. Nf4 Kg5 {[%emt 0:01:02] [#]} 38. Ne6+ Kf6 39. Nc5 b6 {[%emt 0:00:56] [#]} 40. Nd3 $1 {[%emt 0:00:05] Weighted Error Value: White=0.12 (very precise) /Black=0.33} 1-0

[Event "Menorca Open-A 2022"]
[Site "Menorca"]
[Date "2022.04.21"]
[Round "3.8"]
[White "Garcia Ramos, Daniel"]
[Black "Sadhwani, Raunak"]
[Result "0-1"]
[ECO "A28"]
[WhiteElo "2433"]
[BlackElo "2616"]
[Annotator "TA"]
[PlyCount "130"]
[EventDate "2022.04.20"]
[EventType "swiss"]
[EventCountry "ESP"]
[SourceTitle "playchess.com"]
[Source "ChessBase"]
[SourceQuality "1"]
[TimeControl "5400+30"]

1. c4 e5 2. Nc3 Nf6 3. Nf3 Nc6 4. e4 Bb4 5. d3 d6 6. h3 {[%emt 0:00:14] A28: English Opening: Four Knights Variation.} Bc5 7. Be2 a6 8. O-O {[%emt 0:00:09] [#] The position is equal.} Nd4 $146 ({Predecessor:} 8... O-O 9. Be3 Nd4 10. Qd2 h6 11. Bd1 Nh7 12. Bxd4 exd4 13. Ne2 Qf6 14. Ng3 b5 {0-1 (59) Ding,L (2799)-Esipenko,A (2714) chess24.com INT 2022}) 9. Be3 c6 10. Qd2 b5 11. Bd1 Qb6 (11... O-O {with more complications.} 12. Rc1 Nxf3+ 13. Bxf3 Bxe3 14. Qxe3 b4) 12. cxb5 (12. Bg5 {is interesting.} Qd8 13. Nxd4 Bxd4 14. Ne2) 12... Nxf3+ 13. Bxf3 Bxe3 14. Qxe3 Qxe3 15. fxe3 axb5 16. Rfc1 Ke7 17. a4 b4 18. Nb1 Ba6 19. d4 Rhc8 20. Nd2 c5 21. dxe5 dxe5 {[%emt 0:00:03] Hoping for ...c4.} 22. Nc4 Bxc4 23. Rxc4 Nd7 {[%emt 0:06:43] White must now prevent ...Nb6.} 24. Bg4 Nb6 25. Rcc1 Rc7 26. a5 Nc8 27. Bxc8 Rcxc8 $11 {[%emt 0:00:58][%mdl 4096] Endgame KRR-KRR} 28. a6 Ra7 29. Ra5 Kd6 30. Kf2 Rc6 31. Rca1 $1 c4 32. Ke2 f6 33. Kd2 Rc5 34. R5a4 Rb5 35. Kc2 h5 36. Rd1+ Kc6 37. Rd8 Rb6 {[%emt 0:00:43] Threatening ...Kb5.} 38. Ra5 Kc7 39. Rad5 {[%emt 0:03:41] R5d7+ is the strong threat.} Rc6 40. R5d7+ Kb6 41. Rb8+ Kxa6 42. Rxa7+ Kxa7 43. Rxb4 {[%emt 0:02:39] KR-KR} Ka6 44. Kc3 Rd6 $1 45. Rxc4 Rd1 46. Kb3 Re1 47. Rc7 Rxe3+ 48. Ka4 Rg3 49. Rc2 Kb6 50. Re2 {[%emt 0:00:38] Inhibits Re3.} h4 51. Kb4 Rd3 52. Kc4 Rd1 53. b3 Rd4+ 54. Kc3 Kc5 55. Re1 Kb5 56. Re3 Kc6 57. Re1 Kc5 58. Re3 Rd1 {[%emt 0:00:34] White should prevent ...Rc1+.} 59. g3 Rc1+ 60. Kd2 $2 {[%emt 0:00:24][%mdl 8192] Loses the game.} (60. Kd3 $1 $11 {and White has nothing to worry.}) 60... Rg1 $1 $19 61. gxh4 Kd4 {[%emt 0:00:01] ( -> ...Rg2+)} 62. b4 $2 {[%emt 0:01:15] [#]} (62. Rd3+ $19 Kxe4 63. b4) 62... Rg2+ $1 {[%emt 0:00:18] Black mates.} 63. Re2 {[%emt 0:00:04] [#]} Rxe2+ $1 64. Kxe2 Kxe4 65. b5 Kd5 {[%emt 0:00:04] Weighted Error Value: White=0.28 (precise) /Black=0.03 (flawless)} 0-1

[Event "Menorca Open-A 2022"]
[Site "Menorca"]
[Date "2022.04.21"]
[Round "3.9"]
[White "Sethuraman, S.P."]
[Black "Minzer, Claudio Javier"]
[Result "1-0"]
[ECO "B76"]
[WhiteElo "2619"]
[BlackElo "2427"]
[Annotator "TA"]
[PlyCount "101"]
[EventDate "2022.04.20"]
[EventType "swiss"]
[EventCountry "ESP"]
[SourceTitle "playchess.com"]
[Source "ChessBase"]
[SourceQuality "1"]
[TimeControl "5400+30"]

1. e4 c5 2. Nf3 d6 3. d4 cxd4 4. Nxd4 Nf6 5. Nc3 g6 6. Be3 Bg7 7. f3 O-O 8. Qd2 Nc6 9. O-O-O d5 10. exd5 Nxd5 11. Nxc6 bxc6 12. Bd4 Nxc3 13. Qxc3 Bh6+ 14. Be3 Bxe3+ 15. Qxe3 Qb6 16. Qc3 $1 {[%emt 0:00:32][%mdl 4] is more profitable than 16.Qxe7 at the moment. B76: Sicilian Dragon: Yugoslav Attack, 9 g4 and 9 0-0-0.} Be6 17. h4 Rfd8 (17... Bxa2 $2 18. b3 $18) 18. Re1 $5 {[%emt 0:00:10][%cal Bd1e1,Be1e3,Be3c3][%mdl 4] White is slightly better. Leaves trodden paths.} Qd4 19. Qxd4 Rxd4 20. Re3 Rad8 {[%emt 0:05:33][%csl Gd8][%cal Rd4d1] [#]} 21. Be2 {[%emt 0:00:05] [#] Inhibits Rd1+.} h5 $146 ({Predecessor:} 21... Ra4 22. a3 Kg7 23. Rc3 Rd6 24. g3 Ra5 25. f4 Kf6 26. Re1 c5 {1-0 (50) Van Tricht,M (2311)-Clarke,J (2228) ICCF email 2018}) 22. g3 Kf8 23. Re1 R8d7 (23... Bxa2 $2 24. b3 $18) 24. Rc3 R4d6 (24... Bxa2 $2 25. b3 $18) 25. f4 Ke8 (25... Bxa2 $2 26. b3 $18) 26. b3 Kd8 27. a4 Rb7 28. Kb2 Kd7 29. Ka3 Rd4 30. Re3 Kd6 31. Ba6 Rc7 32. Bd3 Bf5 $1 33. Bc4 {[%emt 0:00:38] Threatens to win with c3.} e6 34. Kb2 Ke7 35. Be2 c5 36. Bf3 Kd6 37. Kc3 Ke7 38. Re5 Kd6 39. a5 f6 40. R5e3 Re7 41. Be2 e5 42. Bc4 Bg4 43. Kb2 Bf5 {[%emt 0:01:27] [#]} (43... Rd2 $1 $11 {keeps the balance.}) 44. Kc1 $1 $16 Kc6 (44... e4 $16 {might work better.}) 45. fxe5 $18 fxe5 46. Rxe5 Rxe5 47. Rxe5 {[%emt 0:00:04] c3 is the strong threat. KRB-KRB} Kd6 $2 {[%emt 0:00:48] This move loses the game for Black.} (47... Rg4 $1 $11) 48. Re3 {[%emt 0:00:31] Hoping for c3.} Kd7 $2 (48... Kc6 {was called for.} 49. Re7 Rd7 50. Rxd7 Bxd7) 49. c3 Rd6 50. Bb5+ Kc8 51. Re5 {[%emt 0:00:46] Weighted Error Value: White=0.04 (flawless) /Black=0.25 (precise)} 1-0

[Event "Menorca Open-A 2022"]
[Site "Menorca"]
[Date "2022.04.21"]
[Round "3.10"]
[White "Romanishin, Oleg M"]
[Black "Santos Ruiz, Miguel"]
[Result "1/2-1/2"]
[ECO "E11"]
[WhiteElo "2415"]
[BlackElo "2596"]
[Annotator "TA"]
[PlyCount "71"]
[EventDate "2022.04.20"]
[EventType "swiss"]
[EventCountry "ESP"]
[SourceTitle "playchess.com"]
[Source "ChessBase"]
[SourceQuality "1"]
[TimeControl "5400+30"]

1. d4 {[%emt 0:00:30] Marin,M} Nf6 2. Nf3 d5 3. c4 e6 4. g3 Bb4+ 5. Bd2 Be7 6. Bg2 O-O 7. O-O Nbd7 8. Nc3 {[%emt 0:13:51] E11: Bogo-Indian.} dxc4 9. e4 c5 {[%emt 0:23:18] [#]} 10. d5 $146 {[%emt 0:25:18] The position is equal.} ({Predecessor:} 10. Bf4 Nb6 11. a4 cxd4 12. Nxd4 Bc5 13. Ndb5 Qxd1 14. Raxd1 Bd7 15. Nc7 Rac8 16. a5 {1-0 (54) Nakamura,H (2814)-Adams,M (2742) Baku 2015 CBM 169 [Marin,M]}) 10... exd5 $1 {[%emt 0:00:58] ...d4 is the strong threat.} 11. e5 Ng4 (11... Ne4 $11 12. Nxd5 Nxd2 13. Qxd2 Nb6 14. Nxe7+ Qxe7) 12. Nxd5 $16 Ndxe5 (12... Nb6 $142 13. Nxe7+ Qxe7) 13. Nxe5 Nxe5 {[%emt 0:00:03] [#]} 14. Ba5 $1 b6 {[%emt 0:11:45] Threatens to win with ...Bg4.} (14... Qxa5 $2 15. Nxe7+ Kh8 16. Qd6) 15. Nxe7+ Qxe7 {[%emt 0:00:34] [#]} 16. Bxa8 (16. Bc3 $1 $16 Bg4 17. f3) 16... Bg4 $11 {[%emt 0:04:42] [#]} 17. f3 $1 Rxa8 18. fxg4 bxa5 19. Qe2 Re8 20. Rae1 {[%emt 0:01:57][%mdl 1024] White has compensation.} h6 21. Qe4 Qc7 22. Qd5 Re7 23. Re2 {[%emt 0:05:58] And now Rfe1 would win.} (23. Qa8+ Kh7 $11) 23... Nxg4 ({Black should try} 23... Kh8 $14) 24. Rfe1 (24. Qxc4 Rxe2 25. Qxe2 Ne5 $14) 24... Rxe2 25. Rxe2 $16 {[%emt 0:00:03][%mdl 4096] Endgame KQR-KQN} Nf6 {[%emt 0:00:33] Prevents Re8+.} 26. Qxc4 {[%emt 0:00:44] &Bianco is more active.} Qd6 27. Qc3 h5 28. Qd2 ({Much worse is} 28. Qxa5 $6 Qd4+ 29. Kf1 Ne4 $11) 28... Qc7 29. Qe3 Qd7 30. Rd2 ({And not} 30. Qxc5 Qd1+ 31. Kf2 Ng4+ 32. Kf3 Qf1+ 33. Rf2 Nxf2 34. Qxf2 Qd3+ 35. Qe3 Qd5+ 36. Qe4 Qxa2 37. Qa8+ Kh7 38. Qxa7 Qb3+ 39. Ke4 a4 $17) 30... Qf5 31. Qd3 Qe6 32. b3 a4 33. Qe2 {[%emt 0:01:37] White is slightly better.} (33. bxa4 c4 34. Qe2 Qb6+ 35. Qf2 Qb1+ 36. Qf1 Qb6+ 37. Qf2 Qb1+ 38. Qf1 Qb6+ 39. Qf2 $11) 33... Qb6 {[%emt 0:00:50] Prevents Rd8+.} 34. Qc4 ({Don't play} 34. bxa4 c4+ 35. Qf2 Qb1+ 36. Qf1 Qb6+ 37. Qf2 Qb1+ 38. Qf1 Qb6+ 39. Qf2 $11) 34... axb3 35. axb3 a5 36. Rd1 {[%emt 0:02:17] Weighted Error Value: White=0.13 (very precise) /Black=0.13 (very precise)} 1/2-1/2